Unix NetHack Version 5.0.0-0 post-release - last build May  4 2026 22:22:43 (774f63e81ad911689b3a0859ea89b322d5daca8d,branch:main).

Game began 2026-05-05 10:43:37, ended 2026-05-05 10:54:53.

Drastanta, lawful male human Samurai

     ------------
     |..........|        ---------------
     |.........>.#       ..............|
     |..........|#       |.............|
     ------.-.---#       |.............|
           ###   #       |..............#
         ####    #       |.............|#
        ##  ######       --.------------#
        #        #         #            ###
       ##        ##        #           ####
    ####         ##        #             #######
    #           ###        #              #####------+-
 ---.--------  #############                  #|.`....|
 |...........### #         ##                 #.<.....|
 |..)%.....(|    #---------.----.-             |......|
 |..........|    #-...............x@#          --------
 |...........     |....>.........|
 |..........|     |..............|
 ------------     ----------------

Drastanta the Ronin    St:25 Dx:13 Co:18 In:11 Wi:9 Ch:8  Lawful
Dlvl:3  $:29 HP:0(27) Pw:7(7) AC:4  Xp:3 T:1412  Fainted  Deaf

Latest messages:
 The grid bug just misses!
 The grid bug bites!
 You get zapped!
 The grid bug bites!
 You avoid harm.
 The grid bug bites!
 You get zapped!
 The grid bug bites!
 You get zapped!
 The grid bug bites!
 You get zapped!
 You regain consciousness.
 You can hear again.
 The '5' prefix should be followed by a movement command.
 You already found a monster.  Use 'm' prefix to force another search.
 You already found a monster.  Use 'm' prefix to force another search.
 Double run prefix, canceled.
 You kill the grid bug!
 You faint from lack of food.
 The grid bug bites!
 You avoid harm.
 The grid bug bites!
 You avoid harm.
 The grid bug just misses!
 The grid bug bites!
 You get zapped!
 The grid bug bites!
 You avoid harm.
 The grid bug bites!
 You get zapped!
 The grid bug bites!
 You avoid harm.
 The grid bug bites!
 You avoid harm.
 The grid bug bites!
 You get zapped!
 The grid bug bites!
 You avoid harm.
 The grid bug bites!
 You avoid harm.
 The grid bug bites!
 You get zapped!
 The grid bug bites!
 You get zapped!
 The grid bug bites!
 You get zapped!
 The grid bug bites!
 You get zapped!
 You die...
 Do you want your possessions identified? [ynq] (y) q

Inventory:
 Coins    ('$')
  $ - 29 gold pieces
 Weapons  (')')
  d - 26 +0 ya (in quiver)
  c - a +0 yumi
  a - a +0 katana (weapon in right hand)
  b - a +0 wakizashi (alternate weapon; not wielded)
 Armor    ('[')
  h - an uncursed rusty +0 pair of gauntlets of power (being worn)
  e - an uncursed rustproof +0 splint mail (being worn)
 Comestibles  ('%')
  k - an uncursed tin of smoked jackal meat
 Spellbooks  ('+')
  m - an uncursed spellbook of confuse monster
 Potions  ('!')
  g - an uncursed potion of healing
 Gems/Stones  ('*')
  l - an uncursed worthless piece of black glass

Drastanta the Samurai's attributes:

Background:
 You were a Ronin, a level 3 male human Samurai.
 You were lawful, nominally on a mission for Amaterasu Omikami
 who was opposed by Raijin (neutral) and Susanowo (chaotic).
 You were right-handed.
 You were in the Dungeons of Doom, on level 3.
 You entered the dungeon 1412 turns ago.
 You had 53 experience points, 27 more were needed to attain level 4.

Basics:
 You had 0 out of 27 hit points.
 You had all 7 energy points (spell power).
 Your armor class was 4.
 Your wallet contained 29 zorkmids.
 Autopickup was off.

Final Characteristics:
 Your strength was 25 (base:16, innate limit:18/100).
 Your dexterity was 13 (limit:18).
 Your constitution was 18 (limit:18).
 Your intelligence was 11 (limit:18).
 Your wisdom was 9 (limit:18).
 Your charisma was 8 (limit:18).

Final Status:
 You were deaf.
 You were fainted due to starvation.
 You were unencumbered.
 You were wielding a long sword.
 You had basic skill with long sword.

Final Attributes:
 You were devoutly aligned.
 You were warded.
 You were fast.
 You are dead.

Miscellaneous:
 You didn't encounter any bones levels.
 Total elapsed playing time was 11 minutes and 15 seconds.

Major events:
 Turn
    1: Drastanta the lawful male human Samurai entered the dungeon
 1055: attained the rank of Ronin (level 3)
 1412: killed by a grid bug, while fainted from lack of food

You didn't know any spells.

Skills:
 Fighting Skills
   martial arts      [Basic]
   two weapon combat [Unskilled]
   riding            [Unskilled]
 Weapon Skills
   dagger            [Unskilled]
   knife             [Unskilled]
   short sword       [Basic]
   broadsword        [Unskilled]
   long sword        [Basic]
   two-handed sword  [Unskilled]
   saber             [Unskilled]
   flail             [Unskilled]
   quarterstaff      [Unskilled]
   polearms          [Unskilled]
   spear             [Unskilled]
   lance             [Unskilled]
   bow               [Basic]
   shuriken          [Unskilled]
 Spellcasting Skills
   attack spells     [Unskilled]
   divination spells [Unskilled]
   clerical spells   [Unskilled]

Voluntary challenges:
 Character rerolling was not enabled.
 You were an atheist.
 You were illiterate.
 You never genocided any monsters.
 You never polymorphed an object.
 You never changed form.
 You used no wishes.
Achievements:
 You entered a shop.
 You attained the rank of Ronin.

 The Dungeons of Doom: levels 1 to 3
    Level 1:
    Level 2:
       A general store, a fountain, a grave.
    Level 3: <- You were here.
       Final resting place for
          you, killed by a grid bug, while fainted from lack of food.


Vanquished creatures:
  a little dog
  a kobold leader
  a gas spore
  2 geckos
  2 jackals
  2 goblins
  5 grid bugs
  3 lichens
  a kobold zombie
  4 newts
22 creatures vanquished.

No species were genocided or became extinct.

Game over:
                       ----------
                      /          \
                     /    REST    \
                    /      IN      \
                   /     PEACE      \
                  /                  \
                  |    Drastanta     |
                  |      29 Au       |
                  | killed by a grid |
                  |       bug        |
                  |                  |
                  |                  |
                  |       2026       |
                 *|     *  *  *      | *
        _________)/\\_//(\/(/\)/\//\/|_)_______

Sayonara Drastanta the Samurai...

You died in The Dungeons of Doom on dungeon level 3 with 339 points,
and 29 pieces of gold, after 1412 moves.
You were level 3 with a maximum of 27 hit points when you died.

